 Dungeon Crawl Stone Soup version 0.28.0 (webtiles) character file.

Game seed: 14135634512383673787

334 Hasart the Slasher (level 6, -2/51 HPs)
             Began as a Demigod Fighter on Feb 16, 2022.
             Slain by a gnoll (3 damage)
             ... on level 3 of the Dungeon.
             The game lasted 00:04:59 (4231 turns).

Hasart the Slasher (Demigod Fighter)                Turns: 4231, Time: 00:05:00

Health: -2/51      AC:  7    Str: 25    XL:     6   Next: 6%
Magic:  8/8        EV: 11    Int: 10    God:
Gold:   127        SH:  5    Dex: 13    Spells: 5/5 levels left

rFire   . . .      SeeInvis +   a - +0 long sword
rCold   . . .      Faith    .   c - +0 buckler
rNeg    . . .      Spirit   .   p - +1 ring mail of the Wasteland {rPois rCorr SInv}
rPois   +          Reflect  .   (no helmet)
rElec   .          Harm     .   (no cloak)
rCorr   +          Rampage  .   (no gloves)
Will    .....                   i - +0 pair of boots
Stlth   +.........              (no amulet)
HPRegen 0.17/turn               j - ring of see invisible
MPRegen 0.11/turn               (no ring)

@: no status effects
A: high MP 1, forlorn, divine attributes
a: no special abilities


You were on level 3 of the Dungeon.
You visited 1 branch of the dungeon, and saw 4 of its levels.

You collected 127 gold pieces.

Inventory:

Hand Weapons
 a - a +0 long sword (weapon)
Armour
 b - a +0 scale mail
 c - a +0 buckler (worn)
 i - a +0 pair of boots (worn)
 p - the +1 ring mail of the Wasteland (worn) {rPois rCorr SInv}
   (You found it on level 2 of the Dungeon)

   rPois:     It protects you from poison.
   SInv:      It lets you see invisible.
   rCorr:     It protects you from acid and corrosion.
Jewellery
 g - a ring of fire
 j - a ring of see invisible (left hand)
Wands
 u - a wand of iceblast (7)
Scrolls
 e - a scroll of noise {unknown}
 f - a scroll of holy word {unknown}
 h - 5 scrolls of identify {unknown}
 k - a scroll of fear {unknown}
 l - a scroll of immolation {unknown}
 n - a scroll of enchant armour {unknown}
 q - a scroll of torment {unknown}
 s - a scroll of magic mapping {unknown}
Potions
 d - 2 potions of might
 m - 2 potions of lignification {unknown}
 o - a potion of curing {unknown}
 r - a potion of degeneration {unknown}


   Skills:
 + Level 3.5 Fighting
 * Level 3.7 Long Blades
 + Level 0.9 Throwing
 + Level 3.5 Armour
 + Level 1.9 Dodging
 + Level 3.5 Shields


You had 5 spell levels left.
You didn't know any spells.
Your spell library was empty.

Dungeon Overview and Level Annotations

Branches:
Dungeon (4/15)
 Temple: D:4-7


Innate Abilities, Weirdness & Mutations

You have an increased reservoir of magic. (+10% MP)
You shall have no god before yourself.
Your divine heritage dramatically boosts your attributes as you level up.


Message History

The ogre is almost dead.
You block the ogre's attack.
You slash the ogre!
You kill the ogre!
The gnoll shaman hits you with a +0 whip!
You have reached level 6!
Your experience leads to a dramatic increase in your attributes!
Increase (S)trength, (I)ntelligence, or (D)exterity?
You feel stronger. x4
The gnoll shaman calls upon its god to speed up the gnoll.
The gnoll seems to speed up.
The gnoll hits you with a +0 club. x2
* * * LOW HITPOINT WARNING * * *
The gnoll shaman hits you but does no damage.
The gnoll shouts!
The iguana hisses menacingly.
The gnoll hits you with a +0 club.
* * * LOW HITPOINT WARNING * * *
The gnoll hits you but does no damage. The gnoll barely misses you.
The iguana bites you but does no damage.
There is a stone staircase leading up here.
The gnoll hits you with a +0 club.
* * * LOW HITPOINT WARNING * * *
The iguana bites you but does no damage.
You climb upwards.
There is a stone staircase leading down here.
Unknown command.
You closely miss the gnoll. The gnoll barely misses you.
The gnoll hits you with a +0 club.
* * * LOW HITPOINT WARNING * * *
The iguana bites you but does no damage.
You slash the gnoll!
The gnoll is heavily wounded.
The gnoll hits you with a +0 club.
* * * LOW HITPOINT WARNING * * *
The iguana bites you.
* * * LOW HITPOINT WARNING * * *
The gnoll hits you with a +0 club.
You die...

#..## #.##.....## #.....#
#..# #.###...## #.....#
#..####.# ##'## ###.###
#.......# #.# #.#
#.####### #.# #.# #.#
##.## #.#
#.#########...## #.#
#.##...........########.#
#.##.))........l@g......#
#.##..###.##.############
#.........####
###########


You could see an iguana and a gnoll (fast).

Vanquished Creatures
  An ogre (D:4)
  A bullfrog (D:3)
  An orc priest (D:3)
  Jessica (D:2)
  3 adders
  A gnoll (D:3)
  An adder skeleton (D:4)
  2 worms (D:2)
  4 orcs
  6 ball pythons
  8 bats
  4 endoplasms
  A giant cockroach (D:2)
  8 goblins
  6 hobgoblins
  2 jackals (D:4)
  8 kobolds
  5 quokkas (D:1)
  5 frilled lizards (D:1)
  2 rats
70 creatures vanquished.

Vanquished Creatures (others)
  A fungus (D:4)
1 creature vanquished.

Grand Total: 71 creatures vanquished

Notes
Turn   | Place    | Note
-------+----------+-------------------------------------------
     0 | D:1      | Hasart the Demigod Fighter began the quest for the Orb.
     0 | D:1      | Reached XP level 1. HP: 18/18 MP: 3/3
     2 | D:1      | Noticed a tengu
     2 | D:1      | Noticed an elf
     4 | D:1      | Noticed a human
     4 | D:1      | Noticed a merfolk
     6 | D:1      | Noticed an ogre
     8 | D:1      | Noticed a gargoyle
     8 | D:1      | Noticed a vampire
    10 | D:1      | Noticed a troll
    12 | D:1      | Noticed a naga
    12 | D:1      | Noticed an octopode
    14 | D:1      | Noticed a demonspawn
    14 | D:1      | Noticed a draconian
    16 | D:1      | Noticed a demigod
    16 | D:1      | Noticed a ghoul
    18 | D:1      | Noticed a formicid
    18 | D:1      | Noticed a minotaur
    22 | D:1      | Noticed a dwarf
    24 | D:1      | Noticed a felid
    24 | D:1      | Noticed a spriggan
    26 | D:1      | Noticed a vine stalker
   318 | D:1      | Reached XP level 2. HP: 25/25 MP: 4/4
  1047 | D:2      | Reached XP level 3. HP: 8/30 MP: 5/5
  1726 | D:2      | Identified the +1 ring mail of the Wasteland {rPois rCorr
                  | SInv}
  1809 | D:2      | Noticed Jessica
  1812 | D:2      | Reached skill level 1 in Dodging
  1824 | D:2      | Killed Jessica
  1825 | D:2      | Reached XP level 4. HP: 26/38 MP: 6/6
  2882 | D:3      | HP: 1/38 [orc priest/nerve-wracking pain (2)]
  2888 | D:3      | HP: 1/38 [orc priest/divine providence (14)]
  3625 | D:4      | Reached XP level 5. HP: 45/45 MP: 7/7
  4187 | D:4      | Noticed an ogre
  4212 | D:4      | Killed an ogre
  4213 | D:4      | Reached XP level 6. HP: 21/51 MP: 8/8
  4231 | D:3      | HP: 1/51 [iguana (3)]
  4231 | D:3      | Slain by a gnoll

Illustrated notes

Levels and vault maps discovered:
D:1:      kb_arrival_jail, layout_basic, nicolae_figureground_pulse
D:2:      layout_basic, uniq_jessica
D:3:      layout_loops_corners
D:4:      layout_basic, mainiacjoe_overflow_alcove_1,
          nicolae_overflow_hidden_temple, gammafunk_temple_overflow_statue,
          kennysheep_dice, uniq_crazy_yiuf_cottage

Skill      XL: |  1  2  3  4 |
---------------+-------------+-----
Long Blades    | 2 3 |  3.7
Shields        | 3 |  3.5
Fighting       | 3 |  3.5
Armour         | 3 |  3.5
Dodging        | 1 |  1.9
Throwing       | |  0.9

Action                   |  1- 3 |  4- 6 || total
-------------------------+-------+-------++-------
Melee: Long sword        |   113 |   131 ||   244
Throw: Dart              |       |     3 ||     3
  Use: Potion            |       |     2 ||     2
Armor: Scale mail        |    37 |       ||    37
       Ring mail         |     2 |    61 ||    63
Dodge: Dodged            |    56 |    69 ||   125
Block: Buckler           |    24 |    29 ||    53
